 Dungeon Crawl Stone Soup version 0.28.0-43-g3370ac3207 (webtiles) character file.

Game seed: 2050967863993046762

23 sking99 the Cutter (level 3, 23/23 HPs)
             Began as an Octopode Wanderer on Mar 13, 2022.
             Quit the game on level 1 of the Dungeon.
             The game lasted 00:01:36 (814 turns).

sking99 the Cutter (Octopode Wanderer)               Turns: 814, Time: 00:01:37

Health: 23/23      AC:  1    Str: 10    XL:     3   Next: 0%
Magic:  6/6        EV: 13    Int: 14    God:
Gold:   7          SH:  0    Dex: 14    Spells: 5/6 levels left

rFire   . . .      SeeInvis .   a - +2 short sword
rCold   . . .      Faith    .   (no shield)
rNeg    . . .      Spirit   .   b - +0 hat
rPois   .          Reflect  .   (no amulet)
rElec   .          Harm     .   (no ring)
rCorr   .          Rampage  .   (no ring)
Will    .....                   (no ring)
Stlth   +++.......              (no ring)
HPRegen 0.07/turn               (no ring)
MPRegen 0.10/turn               (no ring)
                                (no ring)
                                (no ring)

@: no status effects
A: almost no armour, amphibious, 8 rings, camouflage 1, gelatinous body 1,
(nimble swimmer 1), tentacles
a: no special abilities


You were on level 1 of the Dungeon.
You visited 1 branch of the dungeon, and saw 1 of its levels.

You collected 7 gold pieces.

Inventory:

Hand Weapons
 a - a +2 short sword (weapon)
Armour
 b - a +0 hat (worn)
Scrolls
 d - a scroll of teleportation {unknown}
Potions
 c - 2 potions of lignification {unknown}


   Skills:
 + Level 1.1 Fighting
 * Level 3.0 Short Blades
 - Level 1.0 Throwing
 - Level 2.0 Dodging
 - Level 1.3 Stealth
 - Level 2.0 Spellcasting
 - Level 2.0 Summonings


You had 5 spell levels left.
You knew the following spells:

 Your Spells              Type           Power      Damage    Failure   Level
a - Summon Small Mammal   Summ           28%        N/A       11%         1

Your spell library contained the following spells:

 Spells                   Type           Power      Damage    Failure   Level
 Summon Guardian Golem    Hex/Summ       4%         N/A       43%         3
 Ignite Poison            Fire/Tmut/Pois 1%         N/A       56%         3
 Mephitic Cloud           Conj/Pois/Air  1%         N/A       56%         3
 Freezing Cloud           Conj/Ice/Air   0%         6-21      100%        5


Dungeon Overview and Level Annotations

Branches:
Dungeon (1/15)

Altars:

Shops:
D:1 (


Innate Abilities, Weirdness & Mutations

You cannot wear most types of armour.
You are amphibious.
You can wear up to eight rings at the same time.
Your skin changes colour to match your surroundings (Stealth+).
Your rubbery body absorbs attacks. (AC +1, EV +1)
((You are camouflaged when in or above water. (Stealth+)))
You have tentacles for arms and can constrict up to eight enemies at once.


Message History

You see here a ball python corpse.
A frilled lizard comes into view.
You hit the frilled lizard.
You kill the frilled lizard!
No target in view!
A giant cockroach comes into view.
You barely miss the giant cockroach. Your grab misses the giant cockroach.
The giant cockroach bites you.
You barely miss the giant cockroach. Your grab misses the giant cockroach.
The giant cockroach misses you.
The giant cockroach completely misses you.
You hit the giant cockroach.
You kill the giant cockroach!
No target in view!
You start resting.
HP restored.
You see here a giant cockroach corpse.
A goblin comes into view. It is wielding a +0 dagger.
A goblin is nearby!
The goblin shouts!
You hit the goblin.
You kill the goblin!
Your Short Blades skill increases to level 3!
Things that are here:
a +0 dagger; a goblin corpse
Found 22 arrows.
A rat and a bat come into view.
A goblin comes into view. It is wielding a +0 dagger.
The bat hits you but does no damage.
You hit the bat.
You kill the bat!
You barely miss the rat. You grab the rat. You constrict the rat.
You kill the rat!
You have reached level 3!
Your experience leads to an increase in your attributes!
Increase (S)trength, (I)ntelligence, or (D)exterity?
You feel stronger. x2
A goblin is nearby!
Okay, then.
Are you sure you want to abandon this character and quit the game? (Confirm with "yes".)

..#######.# #.# # .##
#.###.####...## #.# #
## #.#...........# #.#
# .............# #.###
######. #..?........#
#.... .......
.#...........# #####
#########.#...........#
#.......#.#...†...(...#
+.>.>.>.+.#.....@.....#
#.......#.≈≈≈≈≈≈≈≈≈...#
#########.≈#≈≈≈≈≈#≈..g#
#.......#.≈#≈###≈#≈.###
+...<...'.≈#≈≈≈≈≈#≈.#
#.......#.≈≈≈≈≈≈≈≈≈.#
#########.#.........#
....................#
#####.#.###.........#


You could see a goblin (asleep).

Vanquished Creatures
  3 endoplasms (D:1)
  3 giant cockroaches (D:1)
  2 goblins (D:1)
  4 hobgoblins (D:1)
  2 jackals (D:1)
  A ball python (D:1)
  2 bats (D:1)
  A frilled lizard (D:1)
  A kobold (D:1)
  A rat (D:1)
20 creatures vanquished.

Vanquished Creatures (others)
  2 fungi (D:1)
  3 plants (D:1)
5 creatures vanquished.

Grand Total: 25 creatures vanquished

Notes
Turn   | Place    | Note
-------+----------+-------------------------------------------
     0 | D:1      | sking99 the Octopode Wanderer began the quest for the Orb.
     0 | D:1      | sking99 set off with the following items: a +2 short sword,
                  | a +0 hat; and the following spell memorised: Summon Small
                  | Mammal; and the following spells available to memorise:
                  | Summon Guardian Golem
     0 | D:1      | Reached XP level 1. HP: 11/11 MP: 3/3
    57 | D:1      | Found Cagu's Weapon Shop.
   230 | D:1      | Reached XP level 2. HP: 15/18 MP: 5/5
   447 | D:1      | Found a faded altar of an unknown god.
   574 | D:1      | Reached skill level 1 in Fighting
   772 | D:1      | Reached skill level 3 in Short Blades
   812 | D:1      | Reached XP level 3. HP: 23/23 MP: 6/6
   814 | D:1      | Quit the game

Illustrated notes

Levels and vault maps discovered:
D:1:      minmay_arrival_up_and_down, layout_basic, serial_shops, shop,
          shapermc_ecumenical_altar_mp_urbaneastern, minmay_crystal_water,
          lemuel_old_faithful

Skill      XL: |  1  2 |
---------------+-------+-----
Fighting       | 1 |  1.1
Short Blades   | 3 |  3.0
Throwing       | |  1.0
Dodging        | |  2.0
Stealth        | |  1.3
Spellcasting   | |  2.0
Summonings     | |  2.0

Action                   || total
-------------------------++-------
Melee: Short sword       ||    39
       Constrict         ||     8
       Tentacles         ||     6
       Punch             ||     1
 Stab: Sleeping          ||     6
Armor: Skin              ||     3
Dodge: Dodged            ||    16
